 Dungeon Crawl Stone Soup version 0.29-a0-330-g52719c12eb (webtiles) character file.

Game seed: 14608074237997864692

2869 HoaS the Quickloader (level 10, 0/66 HPs)
             Began as a Kobold Hunter on May 20, 2022.
             Slain by an orc warrior
             ... wielding a +0 halberd
              (17 damage)
             ... in a bailey.
             The game lasted 00:16:44 (8896 turns).

HoaS the Quickloader (Kobold Hunter)                Turns: 8896, Time: 00:16:45

Health: 0/66       AC:  5    Str:  8    XL:     10   Next: 4%
Magic:  10/10      EV: 22    Int: 11    God:
Gold:   1499       SH:  0    Dex: 29    Spells: 9/9 levels left

rFire   . . .      SeeInvis .   a - +2 hand crossbow
rCold   . . .      Faith    .   (no shield)
rNeg    + . .      Spirit   .   e - +2 robe of Juggy {Dex+6}
rPois   .          Reflect  .   (no helmet)
rElec   .          Harm     .   (no cloak)
rCorr   .          Rampage  .   (no gloves)
Will    +....                   p - +0 pair of boots
Stlth   ++++......              h - amulet of the acrobat
HPRegen 0.21/turn               l - ring of willpower
MPRegen 0.12/turn               s - ring of positive energy

@: no status effects
A: small, no large weapons, nightstalker 3
a: no special abilities


You were in a bailey.
You visited 1 branch of the dungeon, and saw 9 of its levels.
You also visited: Bailey.

You collected 1499 gold pieces.

Inventory:

Hand Weapons
 a - a +2 hand crossbow (weapon)
Armour
 e - the +2 robe of Juggy (worn) {Dex+6}
   (You found it on level 5 of the Dungeon)

   Dex:       It affects your dexterity (+6).
 p - a +0 pair of boots (worn)
Jewellery
 h - an amulet of the acrobat (around neck)
 l - a ring of willpower (left hand)
 o - a ring of see invisible
 s - a ring of positive energy (right hand)
Scrolls
 b - 3 scrolls of fear
 c - 3 scrolls of immolation
Potions
 f - 2 potions of flight
 i - a potion of ambrosia
 k - a potion of lignification {unknown}
 n - a potion of degeneration {unknown}
 q - a potion of mutation {unknown}


   Skills:
 * Level 9.2 Fighting
 - Level 10.0 Crossbows
 + Level 4.6 Armour
 + Level 7.2 Dodging
 - Level 1.3 Stealth


You had 9 spell levels left.
You didn't know any spells.
Your spell library contained the following spells:

 Spells                   Type           Power      Damage    Failure   Level
 Corpse Rot               Necr/Air       0%         N/A       47%         2
 Dispel Undead            Necr           0%         3d6       98%         4
 Olgreb's Toxic Radiance  Pois           0%         N/A       98%         4
 Death Channel            Necr           0%         N/A       100%        6
 Haunt                    Necr/Summ      0%         N/A       100%        7


Dungeon Overview and Level Annotations

Branches:
Dungeon (9/15)               Lair (0/6) D:8          Bailey (1/1)
 Temple: D:4-7          Orc: D:9-12

Altars:
Jiyva

Shops:
D:5 [

Annotations:
D:8 Joseph


Innate Abilities, Weirdness & Mutations

You are small and have problems with some larger weapons.
You are completely attuned to the shadows.


Message History

Press: ? - help, Q - select action Shift-Dir - straight line, f/p - orc warrior
Aim: an orc warrior, wielding a +0 halberd and wearing a +0 plate armour (heavily wounded, 75% to hit)
You shoot a bolt. The bolt hits the orc warrior.
The orc warrior is severely wounded.
The orc warrior hits you from afar with a +0 halberd.
Shoot: a) +2 hand crossbow
Press: ? - help, Q - select action Shift-Dir - straight line, f/p - orc warrior
Aim: an orc warrior, wielding a +0 halberd and wearing a +0 plate armour (severely wounded, 75% to hit)
You shoot a bolt. The bolt barely misses the orc warrior.
The orc warrior closely misses you.
Shoot: a) +2 hand crossbow
Press: ? - help, Q - select action Shift-Dir - straight line, f/p - orc warrior
Aim: an orc warrior, wielding a +0 halberd and wearing a +0 plate armour (severely wounded, 75% to hit)
You shoot a bolt.
The bolt hits the orc warrior but does no damage.
The orc warrior is severely wounded.
The orc warrior misses you.
Shoot: a) +2 hand crossbow
Press: ? - help, Q - select action Shift-Dir - straight line, f/p - orc warrior
Aim: an orc warrior, wielding a +0 halberd and wearing a +0 plate armour (severely wounded, 75% to hit)
You shoot a bolt.
The bolt hits the orc warrior but does no damage.
The orc warrior is severely wounded.
The orc warrior misses you.
Shoot: a) +2 hand crossbow
Press: ? - help, Q - select action Shift-Dir - straight line, f/p - orc warrior
Aim: an orc warrior, wielding a +0 halberd and wearing a +0 plate armour (severely wounded, 75% to hit)
You shoot a bolt. The bolt hits the orc warrior.
The orc warrior is severely wounded.
The orc warrior hits you from afar with a +0 halberd!
* * * LOW HITPOINT WARNING * * *
Shoot: a) +2 hand crossbow
Press: ? - help, Q - select action Shift-Dir - straight line, f/p - orc warrior
Aim: an orc warrior, wielding a +0 halberd and wearing a +0 plate armour (severely wounded, 75% to hit)
You shoot a bolt.
The bolt closely misses the orc warrior.
The orc warrior misses you.
You feel better.
The orc warrior hits you from afar with a +0 halberd!
You die...

#≈≈..≈≈.≈≈≈...≈≈≈.≈.≈≈.#
#≈≈⌠..≈≈..≈≈≈≈≈.)≈≈.≈.##
##≈≈..)≈≈≈.....≈≈≈)≈≈.#
##≈≈....≈≈≈≈≈≈≈.)≈≈..#
##≈..≈≈...)...≈≈≈.⌠.#..
#≈...≈≈≈≈≈≈≈≈≈....##).
#≈...........)#####...
####'##########⌠......
#....@.o.).......).)..
##...................#
##≈≈≈≈≈≈≈≈≈≈≈≈≈≈≈≈≈##
###################


You could see an orc warrior.

Vanquished Creatures
  3 yaks (D:5)
  A steam dragon (D:5)
  A black bear (D:5)
  An orc warrior (Bailey)
  4 centaurs
  An ogre (D:5)
  A phantom (D:5)
  3 scorpions
  2 bullfrogs
  6 wights (D:7)
  3 howler monkeys
  2 hounds
  5 jellies
  2 gnoll shamans
  2 orc priests
  Jessica (D:2)
  3 iguanas
  6 orc wizards
  A howler monkey zombie (D:9)
  11 gnolls
  6 adders
  An ufetubus (D:5)
  2 worms
  4 dart slugs
  42 orcs
  7 ball pythons
  5 bats
  7 endoplasms
  3 giant cockroaches
  9 hobgoblins
  2 quokkas (D:2)
  5 frilled lizards
  10 goblins
  6 kobolds
  4 rats
172 creatures vanquished.

Vanquished Creatures (others)
  9 plants (D:2)
  4 toadstools (D:1)
13 creatures vanquished.

Grand Total: 185 creatures vanquished

Notes
Turn   | Place    | Note
-------+----------+-------------------------------------------
     0 | D:1      | HoaS the Kobold Hunter began the quest for the Orb.
     0 | D:1      | Reached XP level 1. HP: 12/12 MP: 1/1
    44 | D:1      | Got the Tome of Venom and Sinister Magic
    56 | D:1      | Reached XP level 2. HP: 17/17 MP: 2/2
   181 | D:1      | Reached skill level 6 in Crossbows
   515 | D:1      | Reached XP level 3. HP: 19/21 MP: 3/3
  1094 | D:2      | Noticed Jessica
  1100 | D:2      | Killed Jessica
  1101 | D:2      | Reached skill level 7 in Crossbows
  1101 | D:2      | Reached XP level 4. HP: 13/26 MP: 4/4
  1659 | D:2      | Reached XP level 5. HP: 30/30 MP: 5/5
  1669 | D:2      | Reached skill level 8 in Crossbows
  2614 | D:3      | Found a faded altar of an unknown god.
  2992 | D:3      | Identified the +0 helmet of the Marlin {*Corrode +Blink rC+
                  | Int+4}
  3249 | D:3      | Reached XP level 6. HP: 24/35 MP: 6/6
  3612 | D:4      | Reached skill level 9 in Crossbows
  4378 | D:4      | Reached skill level 10 in Crossbows
  4378 | D:4      | Reached XP level 7. HP: 25/40 MP: 7/7
  4896 | D:4      | Identified a scroll of acquirement
  4896 | D:4      | Acquired 1068 gold pieces
  5159 | D:5      | Entered Level 5 of the Dungeon
  5249 | D:5      | Reached skill level 1 in Armour
  5387 | D:5      | Noticed a yak
  5582 | D:4      | Reached XP level 8. HP: 5/48 MP: 8/8
  6074 | D:5      | Identified the +2 robe of Juggy {Dex+6}
  6187 | D:5      | Noticed a yak
  6190 | D:5      | Noticed a yak
  6195 | D:5      | Killed a yak
  6196 | D:5      | Reached skill level 5 in Fighting
  6206 | D:5      | Killed a yak
  6211 | D:5      | Killed a yak
  6212 | D:5      | Reached skill level 5 in Dodging
  6380 | D:5      | Found Ytop Cuo's Antique Armour Shop.
  6538 | D:5      | Reached XP level 9. HP: 13/56 MP: 9/9
  6542 | D:5      | HP: 1/56 [something (4)]
  7224 | D:6      | You fall into a shaft and drop 3 floors!
  7436 | D:8      | Found a staircase to the Lair.
  7456 | D:8      | Found a viscous altar of Jiyva.
  7540 | D:8      | Noticed Joseph
  8341 | D:7      | Found a flagged portal.
  8350 | Bailey   | Entered a bailey
  8737 | Bailey   | Reached XP level 10. HP: 66/66 MP: 10/10
  8896 | Bailey   | Slain by an orc warrior

Illustrated notes

Levels and vault maps discovered:
D:1:      ldierk_walled_garden_2, layout_basic
D:2:      layout_basic, serial_bayou_pond_c, kennysheep_generic_room_15,
          uniq_jessica
D:3:      layout_basic, chequers_ecumenical_altar_island
D:4:      layout_basic, hangedman_abyss_or_decor_slice
D:5:      layout_loops_ring, nicolae_take_the_stairs
D:6:      layout_basic, minitemple, lemuel_temple_firewalk_b,
          nicolae_fountain_basement
D:7:      layout_rooms, enter_bailey_3
D:8:      layout_basic, david_lair_shrubbed, minmay_misc_feat_pillars,
          jiyva_altar_1, uniq_joseph
D:9:      layout_basic, david_orc_3, serial_undead, serial_undead_d,
          serial_undead_e, serial_undead_d, serial_undead_c, serial_undead_a,
          serial_undead_b
Bailey:   bailey_polearm_flooded_kennysheep, bailey

Skill      XL: |  1  2  3  4  5  6  7  8  9 |
---------------+----------------------------+-----
Crossbows      | 6 7 8 10 | 10.0
Fighting       | 4 6 9 |  9.2
Armour         | 1 3 4 |  4.6
Dodging        | 3 5 7 |  7.2
Stealth        | |  1.3

Action                   |  1- 3 |  4- 6 |  7- 9 | 10-12 || total
-------------------------+-------+-------+-------+-------++-------
 Fire: Hand crossbow     |    73 |   178 |   374 |    35 ||   660
  Use: Scroll            |       |     7 |    11 |       ||    18
       Potion            |       |     2 |    10 |     1 ||    13
Armor: Leather armour    |     1 |     9 |     7 |       ||    17
       Robe              |       |       |    16 |       ||    16
Dodge: Dodged            |    14 |    51 |   200 |    15 ||   280

Table legend: (Time is in decaauts)
 A = Elapsed time spent in this place.
 B = Non-inter-level travel time spent in this place.
 C = Inter-level travel time spent in this place.
 D = Time resting spent in this place.
 E = Time spent auto-exploring this place.
 F = Levels seen in this place.
 G = Mean time per level.
                   A        B        C        D        E       F      G
               +--------+--------+--------+--------+--------+-----+--------+
         Total |   8951 |   8571 |    380 |   2853 |   4468 |  10 |  895.1 |
       Dungeon |   8405 |   8025 |    380 |   2533 |   4366 |   9 |  933.9 |
        Bailey |    545 |    545 |      0 |    320 |    102 |   1 |  545.0 |
               +--------+--------+--------+--------+--------+-----+--------+

Top non-repeatable levels by time:
     D:4: 2231 daAuts
     D:2: 1361 daAuts
     D:3: 1262 daAuts
     D:5: 1120 daAuts
     D:1: 972 daAuts
     D:8: 556 daAuts
  Bailey: 545 daAuts
     D:7: 437 daAuts
     D:6: 330 daAuts
     D:9: 131 daAuts
